 Dungeon Crawl Stone Soup version 0.21-a0-260-g9b2435e (webtiles) character file.

18360 sveltemanboy the Cleaver (level 12, -10/72 HPs)
             Began as a Demonspawn Monk on Sept 7, 2017.
             Was the Champion of Okawaru.
             Shot with an arrow by a centaur warrior (15 damage)
             ... on level 13 of the Dungeon.
             The game lasted 00:35:10 (12692 turns).

sveltemanboy the Cleaver (Demonspawn Monk)         Turns: 12692, Time: 00:35:11

Health: -10/72     AC: 16    Str: 30    XL:     12   Next: 27%
Magic:  0/18       EV: 15    Int: 12    God:    Okawaru [******]
Gold:   553        SH:  0    Dex: 16    Spells: 11/11 levels left

rFire    + . .     SeeInvis .   p - +4 battleaxe of Severance {elec, Str+5}
rCold    . . .     Gourm    .   (shield currently unavailable)
rNeg     . . .     Faith    .   a - +2 troll leather armour
rPois    .         Spirit   +   L - +2 hat
rElec    .         Reflect  .   (no cloak)
rCorr    .         Harm     .   I - +2 pair of gloves
MR       ++...                  (no boots)
Stlth    ++........             w - amulet of guardian spirit
HPRegen  2.02/turn              e - ring of protection from magic
MPRegen  0.16/turn              y - +3 ring of protection

@: mighty
A: horns 2, yellow scales 2, deformed body, fire resistance 1, frail 1, magic
resistance 1, powered by death 1, powered by pain 1, regeneration 1, strong 2,
evolution 1
a: Heroism, Finesse, Renounce Religion


You were on level 13 of the Dungeon.
You worshipped Okawaru.
Okawaru was exalted by your worship.
You were not hungry.

You visited 2 branches of the dungeon, and saw 15 of its levels.

You collected 769 gold pieces.
You spent 216 gold pieces at shops.

Inventory:

Hand Weapons
 p - the +4 battleaxe of Severance (weapon) {elec, Str+5}
   (Okawaru gifted it to you on level 12 of the Dungeon)

   Occasionally, upon striking a foe, it will discharge some electrical energy
   and cause terrible harm.
   It affects your strength (+5).
Armour
 a - a +2 troll leather armour (worn)
 I - a +2 pair of gloves (worn)
 L - a +2 hat (worn)
Jewellery
 e - a ring of protection from magic (left hand)
 g - an uncursed ring of positive energy
 w - an amulet of guardian spirit (around neck)
 y - a +3 ring of protection (right hand)
Wands
 d - a wand of acid (1/15)
 m - a wand of enslavement (0/24)
 D - a wand of confusion (41/48)
 E - a wand of polymorph (9/24)
 N - a wand of clouds (3/9)
 O - a wand of lightning (7/15)
Scrolls
 h - 3 scrolls of identify
 k - a scroll of amnesia
 s - a scroll of fear
 t - a scroll of blinking
 u - a scroll of recharging
 x - 6 scrolls of remove curse
 C - 2 scrolls of magic mapping
 F - 3 scrolls of teleportation
 G - 2 scrolls of fog
 K - a scroll of enchant weapon
Potions
 b - 5 potions of curing
 i - a potion of heal wounds
 j - 3 potions of haste
 n - 3 potions of brilliance
 o - a potion of flight
 v - a potion of invisibility
 A - a potion of berserk rage
 B - 2 potions of cancellation
Comestibles
 c - 8 bread rations
 l - 10 chunks of flesh
 r - 6 meat rations
 z - 2 royal jellies


   Skills:
 - Level 3.5 Fighting
 * Level 14.8 Axes
 - Level 5.0 Armour
 - Level 5.3 Dodging
 - Level 1.7 Stealth
 - Level 3.0 Invocations
 + Level 8.5 Evocations


You had 11 spell levels left.
You didn't know any spells.

Dungeon Overview and Level Annotations

Branches:
Dungeon (14/15)            Temple (1/1) D:4            Lair (0/6) D:8
    Orc (0/2) D:9
 Vaults: D:13-14

Altars:
Ashenzari
Dithmenos
Elyvilon
Fedhas
Gozag
Hepliaklqana
Makhleb
Nemelex Xobeh
Okawaru
Qazlal
Ru
Trog
Vehumet
Wu Jian
Xom
Yredelemnul
Zin
The Shining One

Shops:
D:10 [


Innate Abilities, Weirdness & Mutations

You have a pair of horns on your head.
You are mostly covered in yellow scales. (AC +3)
You regenerate a little health from kills.
You sometimes gain a little power by taking damage.
Armour fits poorly on your strangely shaped body.
Your flesh is heat resistant. (rF+)
You are frail. (-10% HP)
You are resistant to hostile enchantments. (MR+)
Your natural rate of healing is unusually fast.
Your muscles are very strong. (Str +4)
You evolve.


Message History

A hydra and a crimson imp come into view.
The crimson imp shouts!
The centaur shoots an arrow.
The arrow hits you but does no damage.
The centaur shoots an arrow.
The arrow hits you!
* * * LOW HITPOINT WARNING * * *
The centaur warrior shoots an arrow.
The arrow hits you!
* * * LOW HITPOINT WARNING * * *
The centaur shoots an arrow.
The arrow misses you.
The centaur warrior shoots an arrow.
The arrow barely misses you.
The centaur shoots an arrow.
The arrow hits you.
* * * LOW HITPOINT WARNING * * *
The centaur shoots an arrow.
The arrow hits you.
* * * LOW HITPOINT WARNING * * *
Things that are here:
a shortbow; 20 arrows The centaur wields a shortbow.
The centaur shoots an arrow.
The arrow misses you.
The centaur shoots an arrow.
The arrow hits you but does no damage.
The centaur warrior shoots an arrow.
The arrow hits you!
You die...

###...........
###.............
.......c.c.?...
#.....cc.c..D.
#.......c.....
#########...[.........
........(..........5..
........c(((()@(......
#####..###########...
#..# #.)# #######).#
.......)†#
........c.......
................
######..(.....c.


You could see a four-headed hydra (wandering), 2 centaur warriors, 5 centaurs
and a crimson imp.

Vanquished Creatures
  Gastronok (D:11)
  Erolcha (D:11)
  A centaur warrior (D:11)
  3 two-headed ogres
  Urug (D:11)
  The ghost of sveltemanboy the Cleaver, a novice DsMo of Ru (D:8)
  Nergalle (D:12)
  The ghost of tidbits the Skirmisher, a novice DrWn of Uskayaw (D:9)
  A cyclops (D:12)
  3 ugly things (D:11)
  A gargoyle (D:11)
  The ghost of sveltemanboy the Insei, a novice DsMo of Ru (D:4)
  A kobold demonologist (D:13)
  A komodo dragon (D:9)
  2 meliai (D:13)
  A troll (D:9)
  Grinder (D:3)
  A hippogriff (D:7)
  2 wraiths
  A shadow (D:11)
  3 wyverns
  Menkaure (D:5)
  3 water moccasins
  3 ice beasts
  4 orc warriors
  2 phantoms
  6 ogres
  A necrophage (D:8)
  An eye of draining (D:10)
  11 centaurs
  A killer bee (D:11)
  2 crocodiles
  A big kobold (D:7)
  8 bullfrogs
  A gnoll sergeant (D:7)
  A wyvern zombie (D:10)
  6 scorpions
  A water moccasin skeleton (D:11)
  10 wights
  An electric eel (D:9)
  3 howler monkeys
  A bullfrog zombie (D:10)
  2 crimson imps
  A quasit (D:8)
  A centaur zombie (D:10)
  2 centaur skeletons
  6 orc priests
  13 hounds
  4 bullfrog skeletons
  3 gnoll shamans
  A jelly (D:11)
  4 orc wizards
  5 iguanas
  7 worker ants
  2 killer bee zombies (D:9)
  A hound skeleton (D:10)
  2 hound zombies
  A worker ant zombie (D:9)
  A howler monkey skeleton (D:6)
  12 gnolls
  14 adders
  A shadow imp (D:10)
  2 oozes (D:4)
  An adder skeleton (D:10)
  5 worms
  2 dart slugs
  4 leopard geckos
  28 orcs
  3 bats
  9 giant cockroaches
  2 goblins
  13 hobgoblins
  15 jackals
  11 kobolds
  2 quokkas
  3 ball pythons
  6 frilled lizards
  A leopard gecko skeleton (D:4)
  9 rats
296 creatures vanquished.

Vanquished Creatures (collateral kills)
  An ice beast (D:14)
  A killer bee (D:11)
  A bullfrog zombie (D:11)
3 creatures vanquished.

Vanquished Creatures (others)
  A two-headed ogre (D:14)
  2 killer bees (D:11)
  A wight (D:8)
  A quokka (D:8)
  2 plants (D:7)
7 creatures vanquished.

Grand Total: 306 creatures vanquished

Notes
Turn   | Place    | Note
-------+----------+-------------------------------------------
     0 | D:1      | sveltemanboy the Demonspawn Monk began the quest for the Orb.
     0 | D:1      | Reached XP level 1. HP: 18/18 MP: 1/1
   116 | D:1      | Gained mutation: You sometimes gain a little power by taking damage. [demonic ancestry]
   116 | D:1      | Reached XP level 2. HP: 18/24 MP: 2/2
   295 | D:1      | Reached skill level 1 in Armour
   725 | D:2      | Noticed an air elemental
   727 | D:2      | Found a stormy altar of Qazlal.
   731 | D:2      | Noticed an earth elemental
   737 | D:2      | Gained mutation: You are partially covered in yellow scales. (AC +2) [demonic ancestry]
   737 | D:2      | Reached XP level 3. HP: 29/29 MP: 3/3
  1100 | D:2      | Noticed an ogre
  1465 | D:3      | Reached skill level 3 in Axes
  1589 | D:3      | Reached XP level 4. HP: 33/35 MP: 1/4
  2135 | D:3      | Noticed Grinder
  2167 | D:3      | Paralysed by Grinder for 3 turns
  2179 | D:3      | Paralysed by Grinder for 7 turns
  2201 | D:3      | Killed Grinder
  2201 | D:3      | Reached skill level 4 in Axes
  2201 | D:3      | Reached XP level 5. HP: 21/41 MP: 2/6
  2201 | D:3      | Reached XP level 6. HP: 24/47 MP: 2/7
  2661 | D:4      | Reached skill level 5 in Axes
  3365 | D:4      | Noticed sveltemanboy's ghost (novice DsMo)
  3369 | D:4      | Killed sveltemanboy's ghost
  3369 | D:4      | Reached skill level 6 in Axes
  3369 | D:4      | Gained mutation: You have a pair of small horns on your head. [demonic ancestry]
  3369 | D:4      | Reached XP level 7. HP: 52/52 MP: 3/9
  3469 | D:4      | Found a staircase to the Ecumenical Temple.
  3681 | Temple   | Entered the Ecumenical Temple
  3752 | Temple   | Became a worshipper of Warmaster Okawaru
  3752 | Temple   | Reached * piety under Okawaru
  3752 | Temple   | Reached ** piety under Okawaru
  4121 | D:5      | Entered Level 5 of the Dungeon
  4143 | D:5      | Reached skill level 7 in Axes
  4143 | D:5      | Reached skill level 1 in Invocations
  4143 | D:5      | Gained mutation: You are mostly covered in yellow scales. (AC +3) [demonic ancestry]
  4143 | D:5      | Reached XP level 8. HP: 58/58 MP: 11/11
  4609 | D:5      | Reached skill level 8 in Axes
  4912 | D:5      | Noticed Menkaure
  4917 | D:5      | Killed Menkaure
  5644 | D:6      | Reached skill level 9 in Axes
  5644 | D:6      | Reached skill level 5 in Evocations
  5649 | D:6      | Found a shimmering altar of Xom.
  5675 | D:6      | Reached *** piety under Okawaru
  5675 | D:6      | Gained mutation: You have a pair of horns on your head. [demonic ancestry]
  5675 | D:6      | Reached XP level 9. HP: 42/64 MP: 4/12
  5898 | D:6      | Found a bloodstained altar of Trog.
  5898 | D:6      | Found a glowing golden altar of the Shining One.
  6751 | D:7      | Reached skill level 10 in Axes
  7566 | D:7      | Reached **** piety under Okawaru
  7735 | D:7      | Reached skill level 11 in Axes
  8341 | D:8      | Noticed sveltemanboy's ghost (novice DsMo)
  8369 | D:8      | Killed sveltemanboy's ghost
  8369 | D:8      | Reached XP level 10. HP: 44/70 MP: 8/14
  8683 | D:8      | Found a staircase to the Lair.
  8793 | D:8      | Noticed a two-headed ogre
  8807 | D:8      | Killed a two-headed ogre
  8807 | D:8      | Reached ***** piety under Okawaru
  8867 | D:8      | Reached skill level 12 in Axes
  9004 | D:8      | Noticed a two-headed ogre
  9021 | D:8      | Killed a two-headed ogre
  9284 | D:8      | Found a white marble altar of Elyvilon.
  9854 | D:9      | Gained mutation: Armour fits poorly on your strangely shaped body. [potion of mutation]
  9854 | D:9      | Gained mutation: Your muscles are strong. (Str +2) [potion of mutation]
  9854 | D:9      | Gained mutation: You have a pair of large horns on your head. [potion of mutation]
  9855 | D:9      | Lost mutation: Your muscles are strong. (Str +2) [potion of mutation]
  9855 | D:9      | Lost mutation: Armour fits poorly on your strangely shaped body. [potion of mutation]
  9855 | D:9      | Lost mutation: You have a pair of large horns on your head. [potion of mutation]
  9855 | D:9      | Gained mutation: You have large cloven feet. [potion of mutation]
  9855 | D:9      | Gained mutation: Your muscles are strong. (Str +2) [potion of mutation]
  9855 | D:9      | Gained mutation: You are frail. (-10% HP) [potion of mutation]
  9855 | D:9      | Gained mutation: Your muscles are very strong. (Str +4) [potion of mutation]
  9865 | D:9      | Found a staircase to the Orcish Mines.
 10028 | D:9      | Reached skill level 5 in Dodging
 10086 | D:9      | Noticed tidbits's ghost (novice DrWn)
 10118 | D:9      | Killed tidbits's ghost
 10239 | D:9      | Gained mutation: You regenerate a little health from kills. [demonic ancestry]
 10239 | D:9      | Reached XP level 11. HP: 58/67 MP: 12/15
 10243 | D:9      | Reached ****** piety under Okawaru
 10408 | D:9      | Found a burning altar of Makhleb.
 10764 | D:10     | Entered Level 10 of the Dungeon
 10804 | D:10     | Found Inol's Antique Armour Emporium.
 10836 | D:10     | Bought a bloodstained ring mail for 216 gold pieces
 10846 | D:10     | Identified the +0 ring mail "Yssocsuz" {+Inv} (You bought it in a shop on level 10 of the Dungeon)
 10931 | D:10     | Reached skill level 13 in Axes
 10931 | D:10     | Reached skill level 5 in Armour
 11362 | D:10     | Lost mutation: You are frail. (-10% HP) [potion of mutation]
 11362 | D:10     | Lost mutation: You have large cloven feet. [potion of mutation]
 11362 | D:10     | Gained mutation: Armour fits poorly on your strangely shaped body. [potion of mutation]
 11362 | D:10     | Gained mutation: You are resistant to hostile enchantments. (MR+) [potion of mutation]
 11407 | D:11     | Noticed Gastronok
 11418 | D:11     | Killed Gastronok
 11435 | D:11     | Received a gift from Okawaru
 11438 | D:11     | Got a smoking robe {god gift}
 11449 | D:11     | Identified the +0 robe "Onofirin" {rN+} (Okawaru gifted it to you on level 11 of the Dungeon)
 11462 | D:11     | Noticed Erolcha
 11468 | D:11     | Killed Erolcha
 11517 | D:11     | Noticed a white ugly thing
 11526 | D:11     | Killed a white ugly thing
 11530 | D:11     | Gained mutation: Your flesh is heat resistant. (rF+) [mutagenic meat]
 11531 | D:11     | Gained mutation: Your natural rate of healing is unusually fast. [mutagenic meat]
 11532 | D:11     | Gained mutation: You evolve. [mutagenic meat]
 11533 | D:11     | Gained mutation: You tend to lose your temper in combat. [mutagenic meat]
 11588 | D:11     | Noticed a centaur warrior
 11603 | D:11     | Killed a centaur warrior
 11746 | D:11     | Noticed a red ugly thing
 11761 | D:11     | Killed a red ugly thing
 11761 | D:11     | Reached skill level 14 in Axes
 11766 | D:11     | Gained mutation: You are frail. (-10% HP) [mutagenic meat]
 11767 | D:11     | Lost mutation: You tend to lose your temper in combat. [mutagenic meat]
 11799 | D:11     | Noticed Urug
 11812 | D:11     | Killed Urug
 12167 | D:11     | Noticed a white ugly thing
 12173 | D:11     | Killed a white ugly thing
 12180 | D:11     | Gained mutation: You are agile. (Dex +2) [mutagenic meat]
 12181 | D:11     | Lost mutation: You are agile. (Dex +2) [mutagenic meat]
 12382 | D:12     | Reached XP level 12. HP: 63/72 MP: 14/17
 12493 | D:12     | Noticed Nergalle
 12504 | D:12     | Killed Nergalle
 12515 | D:12     | Received a gift from Okawaru
 12518 | D:12     | Got a jewelled battleaxe {god gift}
 12519 | D:12     | Identified the +4 battleaxe of Severance {elec, Str+5} (Okawaru gifted it to you on level 12 of the Dungeon)
 12535 | D:12     | You fall through a shaft for 2 floors!
 12562 | D:14     | Noticed a two-headed ogre
 12585 | D:14     | Killed a two-headed ogre
 12612 | D:14     | Noticed a seven-headed hydra
 12624 | D:14     | Noticed a two-headed ogre
 12663 | D:13     | HP: 1/72 [meliai/divine providence (11)]
 12681 | D:13     | Noticed a centaur warrior
 12687 | D:13     | Noticed a centaur warrior
 12691 | D:13     | Noticed a four-headed hydra
 12691 | D:13     | HP: 3/72 [centaur/arrow[a centaur warrior] (5)]
 12692 | D:13     | Shot with an arrow by a centaur warrior

Vault maps used:
D:1:      lordsloth_arrival_two_stooges, minmay_split_cup_small
D:2:      nicolae_qazlal_style_of_elements, first_bread, uniq_sigmund,
          uniq_robin
D:3:      uniq_grinder
D:4:      minmay_temple_entry_glassed_door
D:5:      uniq_menkaure
D:6:      xom_teletrap_fun, nicolae_overflow_hidden_temple,
          gammafunk_temple_overflow_statue
D:7:      kennysheep_housing_project, grunt_ogre_cave
D:8:      lair_entry_dummy, st_stairs_9, elyvilon_altar_4
D:9:      cheibrodos_helix_gallery, kennysheep_little_box, orc_david_3
D:10:     serial_shops, nicolae_shop_temple_entry_statues_fountains
D:11:     abandoned_shop, uniq_gastronok, uniq_urug, uniq_erolcha
D:12:     nicolae_trove_entry_crystal, uniq_nergalle
D:13:     erik_vaults_2, basic_altar, serial_shops, shop
D:14:     serial_ice, serial_ice_k, serial_ice_g, serial_ice_n, serial_ice_m,
          serial_ice_f, serial_ice_o, dk_noncrumbling_4,
          minmay_misc_feat_rugged, hangedman_abyss_or_decor_stagger,
          minmay_misc_feat_hallway, uniq_josephine
Temple:   eino_temple_scatter_basement

Skill      XL: |  1  2  3  4  5  6  7  8  9 10 11 12 |
---------------+-------------------------------------+-----
Dodging        | 3 5 |  5.3
Armour         | 1 2 4 5 |  5.0
Axes           | 3 4 6 7 9 11 12 14 | 14.8
Evocations     | 2 3 4 5 7 8 |  8.5
Invocations    | 1 3 |  3.0
Fighting       | |  3.5
Stealth        | |  1.7

Action                   |  1- 3 |  4- 6 |  7- 9 | 10-12 || total
-------------------------+-------+-------+-------+-------++-------
Melee: Hand axe          |    99 |       |    58 |       ||   157
       War axe           |    21 |   122 |   326 |    19 ||   488
       Headbutt          |       |       |   102 |   113 ||   215
       Whip              |       |       |    77 |   487 ||   564
       Punch             |       |       |     1 |       ||     1
       Kick              |       |       |       |    65 ||    65
       Battleaxe         |       |       |       |    22 ||    22
Throw: Throwing net      |       |       |     1 |       ||     1
Invok: Heroism           |       |       |     1 |     1 ||     2
Evoke: Wand              |       |     2 |     8 |    31 ||    41
  Use: Scroll            |       |    10 |     7 |    10 ||    27
       Potion            |       |     2 |       |    10 ||    12
 Stab: Sleeping          |     5 |     2 |     2 |     4 ||    13
       Confused          |       |       |     3 |    10 ||    13
       Distracted        |       |       |     1 |     2 ||     3
       Held in net/web   |       |       |     1 |       ||     1
  Eat: Chunk             |     2 |     6 |    16 |    25 ||    49
Armor: Leather armour    |    51 |    46 |   137 |    29 ||   263
       Troll leather arm |       |       |       |    89 ||    89
Dodge: Dodged            |    79 |    67 |   320 |   300 ||   766

Table legend:
 A = Spawn XP
 B = Non-spawn XP
 C = Spawn XP percentage of total XP
 D = Spawn monster count
 E = Non-spawn monster count
 F = Spawn count percentage of total count
 G = Total turns spent on level
                    A         B        C        D         E        F      G
               +---------+---------+-------+---------+---------+-------+---------
         Total |       0 |   26229 |   0.0 |       0 |     300 |   0.0 | 12692
               +---------+---------+-------+---------+---------+-------+---------
           D:1 |       0 |      33 |   0.0 |       0 |      19 |   0.0 |   658
           D:2 |       0 |      25 |   0.0 |       0 |      13 |   0.0 |   649
           D:3 |       0 |     394 |   0.0 |       0 |      26 |   0.0 |  1287
           D:4 |       0 |     867 |   0.0 |       0 |      20 |   0.0 |  1432
           D:5 |       0 |    1094 |   0.0 |       0 |      23 |   0.0 |  1154
           D:6 |       0 |     900 |   0.0 |       0 |      20 |   0.0 |  1155
           D:7 |       0 |    1894 |   0.0 |       0 |      48 |   0.0 |  1809
           D:8 |       0 |    4006 |   0.0 |       0 |      31 |   0.0 |  1490
           D:9 |       0 |    2786 |   0.0 |       0 |      33 |   0.0 |  1035
          D:10 |       0 |    1145 |   0.0 |       0 |      22 |   0.0 |   630
          D:11 |       0 |    8118 |   0.0 |       0 |      22 |   0.0 |   968
          D:12 |       0 |    2421 |   0.0 |       0 |      12 |   0.0 |   173
          D:13 |       0 |    1424 |   0.0 |       0 |       7 |   0.0 |    33
          D:14 |       0 |    1122 |   0.0 |       0 |       4 |   0.0 |   124
               +---------+---------+-------+---------+---------+-------+---------
